Map: 2000 Atmospheres LE

Players

A.I. 1 (Elite)

  • Race: Terran Terran

Massa

  • Race: Terran Terran
  • League: Platinum

VOD

Have the link to the VOD?

Description

Time

  • Played on: April 27, 2021, 6:08 a.m.
  • Length: 10:08
Show
View Real Time Build Order
Export as new Build Order

A.I. 1 (Elite) Terran 

Build Orders: Command Center First (CC) 

Get SALT Encoding   

    0:18  SCV x12  
    0:30  Unknown  
    0:31  SCV  
  13  0:44  SCV  
  13  0:48  Supply Depot  
  14  0:56  SCV  
  15  1:10  SCV  
  16  1:22  SCV  
  17  1:34  SCV  
  17  1:36  Command Center  
  18  1:46  Barracks  
  18  1:51  Refinery  
  18  2:02  Barracks  
  18  2:03  SCV  
  19  2:21  Barracks  
  19  2:33  Marine  
  20  2:40  Supply Depot  
  20  2:44  SCV  
  21  2:48  Marine  
  21  2:51  Marine  
  23  2:58  SCV  
  24  3:07  Barracks Tech Lab  
  24  3:08  Marine  
  24  3:10  Barracks Tech Lab  
  25  3:25  Marine x2  
  27  3:28  Stimpack  
  27  3:29  Concussive Shells  
  27  3:31  Marine, Supply Depot  
  28  3:43  Marine  
  29  3:53  SCV  
  30  3:56  SCV  
  31  4:09  SCV, Factory  
  32  4:17  Supply Depot  
  32  4:19  Marine x2  
  34  4:27  Refinery, Marine  
  35  4:37  Marauder, Marine  
  38  4:49  SCV  
  40  4:52  SCV  
  40  4:53  Factory Tech Lab  
  40  4:54  Protoss Ground Armor Level 3, Protoss Shields Level 3, Protoss Ground Weapons Level 3  
  40  4:55  Marauder  
  40  4:59  Marauder  
  44  5:11  Combat Shield  
  44  5:16  Terran Infantry Weapons Level 3, Zerg Flyer Armor Level 3, Zerg Flyer Weapons Level 3, Terran Infantry Armor Level 3, Zerg Ground Armor Level 3, Protoss Air Armor Level 3, Terran Vehicle Weapons Level 3, Protoss Air Weapons Level 3, Zerg Melee Weapons Level 3, Zerg Missile Weapons Level 3, Terran Ship Armor Level 3, Terran Vehicle Armor Level 3, Terran Ship Weapons Level 3  
  44  5:17  Marauder  
  44  5:19  Protoss Ground Weapons Level 2, Protoss Shields Level 2, Protoss Ground Armor Level 2  
  44  5:20  Marauder  
  48  5:37  Terran Infantry Weapons Level 2, Protoss Air Weapons Level 2, Terran Infantry Armor Level 2, Terran Ship Armor Level 2, Protoss Air Armor Level 2, Zerg Missile Weapons Level 2, Zerg Flyer Weapons Level 2, Zerg Flyer Armor Level 2, Terran Ship Weapons Level 2, Zerg Ground Armor Level 2, Zerg Melee Weapons Level 2, Terran Vehicle Weapons Level 2, Terran Vehicle Armor Level 2  
  48  5:38  Marauder  
  48  5:41  Marauder  
  52  5:44  Protoss Ground Weapons Level 1, Protoss Ground Armor Level 1, Protoss Shields Level 1  
  52  5:46  SCV  
  52  5:48  SCV  
  50  5:52  Blink  
  48  5:57  Marine  
  48  5:58  SCV  
  48  5:59  Zerg Flyer Armor Level 1, Protoss Air Armor Level 1, Terran Infantry Armor Level 1, Zerg Ground Armor Level 1, Terran Vehicle Armor Level 1, Terran Vehicle Weapons Level 1, Zerg Missile Weapons Level 1, Marauder, Terran Ship Weapons Level 1, Protoss Air Weapons Level 1, Terran Ship Armor Level 1, Zerg Melee Weapons Level 1, Zerg Flyer Weapons Level 1, Terran Infantry Weapons Level 1  
  48  6:00  SCV  
  50  6:06  Marine  
  50  6:10  SCV  
  52  6:13  Neosteel Armor, Resonating Glaives, Charge, Weapon Refit, Extended Thermal Lance, Warp Gate, Stimpack  
  52  6:15  Marine  
  53  6:20  Ventral Sacs, Marine, Adrenal Glands  
  54  6:26  Enduring Locusts  
  54  6:27  Engineering Bay, Personal Cloaking  
  54  6:34  Metabolic Boost, Psionic Storm, Infernal Pre-Igniter, Glial Reconstitution, Chitinous Plating, Tunneling Claws, Neosteel Frame, Durable Materials, Centrifical Hooks, Cloaking Field, Neural Parasite, Corvid Reactor, Combat Shield  
  54  6:42  Muscular Augments x2, Burrow  
  54  6:53  Engineering Bay  
  54  6:55  Barracks Reactor  
  54  6:56  Pathogen Glands, Graviton Catapult, Caduceus Reactor, Behemoth Reactor, Moebius Reactor, Hi-Sec Auto Tracking, Gravitic Boosters, Gravitic Drive  
  54  6:58  Marine  
  55  7:03  Marine  
  56  7:10  Pneumatized Carapace, Concussive Shells  
  56  7:14  Supply Depot  
  60  7:53  Unknown x5  
    8:12  SCV x12  
    8:24  Unknown  
    8:26  SCV  
  13  8:38  SCV  
  14  8:42  Supply Depot  
  14  8:51  SCV  
  15  9:04  SCV  
  17  9:36  SCV  
  17  9:47  Command Center  
  17  9:53  Supply Depot  
  17  10:05  Barracks  
Show
View Real Time Build Order
Export as new Build Order

Massa Terran 

Build Orders: Reaper Expand 

Get SALT Encoding   

  12  0:05  Orbital Command  
    0:18  SCV x12  
    0:32  SCV  
  13  0:44  SCV  
  13  0:47  Supply Depot  
  14  0:56  SCV  
  15  1:11  Barracks  
  15  1:13  SCV  
  15  1:18  Refinery  
  16  1:25  SCV  
  17  1:37  SCV  
  18  1:50  SCV  
  19  2:00  Reaper  
  20  2:03  Orbital Command  
  20  2:12  Command Center  
  20  2:22  Supply Depot  
  20  2:29  SCV  
  21  2:32  Marine  
  22  2:41  SCV  
  23  2:46  Factory  
  23  2:58  Bunker  
  23  2:59  Barracks Reactor  
  23  3:03  SCV  
  24  3:05  Refinery  
  24  3:17  SCV  
  25  3:23  Orbital Command  
  25  3:29  SCV  
  25  3:33  Hellion  
  28  3:36  Starport  
  28  3:37  Marine x2  
  30  3:45  SCV  
  31  3:50  SCV  
  31  3:54  Marine x2  
  31  3:55  Widow Mine  
  36  3:58  SCV  
  36  4:02  SCV, Supply Depot  
  38  4:12  Marine x2  
  38  4:16  Medivac  
  42  4:18  Factory Tech Lab  
  42  4:24  SCV x2  
  42  4:30  Marine x2  
  46  4:36  SCV x2  
  46  4:38  Siege Tank  
  51  4:48  SCV, Marine x2  
  54  4:53  Starport Tech Lab  
  54  4:54  Protoss Ground Armor Level 3, Protoss Shields Level 3, Protoss Ground Weapons Level 3  
  54  5:16  Terran Infantry Weapons Level 3, Zerg Flyer Armor Level 3, Zerg Flyer Weapons Level 3, Terran Infantry Armor Level 3, Zerg Ground Armor Level 3, Protoss Air Armor Level 3, Terran Vehicle Weapons Level 3, Protoss Air Weapons Level 3, Zerg Melee Weapons Level 3, Zerg Missile Weapons Level 3, Terran Ship Armor Level 3, Terran Vehicle Armor Level 3, Terran Ship Weapons Level 3  
  54  5:18  Command Center  
  54  5:19  Protoss Ground Weapons Level 2, Protoss Shields Level 2, Protoss Ground Armor Level 2  
  54  5:25  Barracks  
  54  5:26  Barracks  
  54  5:30  Supply Depot  
  54  5:32  Supply Depot  
  54  5:37  Terran Infantry Weapons Level 2, Protoss Air Weapons Level 2, Terran Infantry Armor Level 2, Terran Ship Armor Level 2, Protoss Air Armor Level 2, Zerg Missile Weapons Level 2, Zerg Flyer Weapons Level 2, Zerg Flyer Armor Level 2, Terran Ship Weapons Level 2, Zerg Ground Armor Level 2, Zerg Melee Weapons Level 2, Terran Vehicle Weapons Level 2, Terran Vehicle Armor Level 2  
  54  5:44  Protoss Ground Weapons Level 1, Protoss Ground Armor Level 1, Protoss Shields Level 1  
  54  5:50  SCV  
  54  5:52  SCV, Raven, Marine x2, Blink, Siege Tank  
  54  5:55  Supply Depot  
  60  5:57  Supply Depot  
  60  5:59  Zerg Flyer Armor Level 1, Protoss Air Armor Level 1, Terran Infantry Armor Level 1, Zerg Ground Armor Level 1, Terran Vehicle Armor Level 1, Terran Vehicle Weapons Level 1, Zerg Missile Weapons Level 1, Terran Ship Weapons Level 1, Protoss Air Weapons Level 1, Terran Ship Armor Level 1, Zerg Melee Weapons Level 1, Zerg Flyer Weapons Level 1, Terran Infantry Weapons Level 1  
  55  6:04  SCV  
  55  6:06  SCV  
  55  6:09  Marine x2  
  59  6:13  Neosteel Armor, Resonating Glaives, Charge, Weapon Refit, Extended Thermal Lance, Warp Gate, Stimpack  
  59  6:16  SCV  
  60  6:18  SCV  
  60  6:20  Ventral Sacs, Adrenal Glands  
  60  6:23  Engineering Bay  
  61  6:26  Enduring Locusts  
  61  6:27  Personal Cloaking  
  61  6:28  SCV  
  61  6:31  Refinery  
  62  6:33  Refinery  
  62  6:34  Metabolic Boost, Psionic Storm, Infernal Pre-Igniter, Glial Reconstitution, Chitinous Plating, Tunneling Claws, Neosteel Frame, Durable Materials, Centrifical Hooks, Cloaking Field, Neural Parasite, Corvid Reactor, Combat Shield  
  62  6:35  Siege Tank  
  65  6:40  Barracks Reactor, Barracks Tech Lab  
  65  6:41  Marine x2  
  65  6:42  Muscular Augments x2, Burrow  
  67  6:50  Barracks  
  67  6:56  Pathogen Glands, Graviton Catapult, Caduceus Reactor, Behemoth Reactor, Moebius Reactor, Hi-Sec Auto Tracking, Gravitic Boosters, Gravitic Drive  
  67  6:58  Marine  
  67  6:59  Marine  
  67  7:01  SCV x3  
  72  7:10  Pneumatized Carapace, Concussive Shells  
  72  7:13  SCV x3  
  88  7:53  Unknown x5  
    8:12  SCV x12  
    8:24  Unknown  
    8:26  SCV  
  13  8:38  SCV  
  14  8:42  Supply Depot  
  14  8:50  SCV  
  15  9:04  SCV  
  15  9:06  Barracks  
  16  9:10  Refinery  
  17  9:36  SCV  
  17  9:48  SCV  
Tags
 
Add a new tag
Caveats
  • Supply blocks, unpowered buildings, or Contaminate may cause inaccurate times.
  • Supply counts are checked every 10 seconds.